 Dungeon Crawl Stone Soup version 0.26-b1-32-g5d43845318 (webtiles) character file.

Game seed: 11603033763279963783

94 Borgoz the Ducker (level 4, -3/38 HPs)
             Began as a Ghoul Gladiator on Jan 13, 2021.
             Slain by Sigmund
             ... wielding a +2 scythe of pain
              (11 damage)
             ... on level 2 of the Dungeon.
             The game lasted 00:01:11 (1797 turns).

Borgoz the Ducker (Ghoul Gladiator)                 Turns: 1797, Time: 00:01:12

Health: -3/38      AC:  4    Str: 17    XL:     4   Next: 63%
Magic:  3/3        EV: 12    Int:  3    God:
Gold:   41         SH:  0    Dex: 11    Spells: 3/3 levels left

rFire    . . .     SeeInvis .   a - +0 long sword
rCold    + . .     Faith    .   (no shield)
rNeg     + + +     Spirit   .   b - +0 leather armour
rPois    ∞         Reflect  .   c - +0 helmet
rElec    .         Harm     .   (no cloak)
rCorr    .         Rampage  .   (no gloves)
Will     .....                  (no boots)
Stlth    +.........             (no amulet)
HPRegen  0.00/turn              (no ring)
MPRegen  0.08/turn              (no ring)

@: no status effects
A: claws 1, cold resistance 1, negative energy resistance 3, inhibited
regeneration, torment resistance, unbreathing
a: no special abilities


You were on level 2 of the Dungeon.
You visited 1 branch of the dungeon, and saw 2 of its levels.

You collected 41 gold pieces.

Inventory:

Hand Weapons
 a - a +0 long sword (weapon)
Missiles
 d - 3 throwing nets (quivered)
Armour
 b - a +0 leather armour (worn)
 c - a +0 helmet (worn)
Jewellery
 k - a +6 ring of intelligence {unknown}
Scrolls
 f - a scroll of blinking {unknown}
 h - a scroll of random uselessness {unknown}
 i - a scroll of remove curse {unknown}
 j - 3 scrolls of identify {unknown}
 l - 2 scrolls of fear {unknown}
 m - a scroll of immolation {unknown}
Potions
 e - a potion of haste {unknown}
 g - a potion of cancellation {unknown}


   Skills:
 * Level 3.2 Fighting
 * Level 3.3 Long Blades
 - Level 1.7 Throwing
 * Level 1.6 Armour
 * Level 3.3 Dodging


You had 3 spell levels left.
You didn't know any spells.
Your spell library was empty.

Dungeon Overview and Level Annotations

Branches:
Dungeon (2/15)

Altars:
Ru

Annotations:
D:2 Sigmund


Innate Abilities, Weirdness & Mutations

You thrive by killing the living.
You are immune to poison.
You have sharp fingernails.
Your flesh is cold resistant. (rC+)
You are immune to negative energy. (rN+++)
You do not regenerate when monsters are visible.
You are immune to unholy pain and torment.
You can survive without breathing.


Message History

Sigmund shouts!
Sigmund points at himself and mumbles some strange words.
Sigmund flickers and vanishes!
Deactivating autopickup; reactivate with Ctrl-A.
No target in view!
No target in view!
No target in view!
No target in view!
No target in view!
No target in view!
No target in view!
No target in view!
No target in view!
Something hits you!
You slash something! Something hits you!
You barely miss something. Something hits you!
* * * LOW HITPOINT WARNING * * *
You hit something. You hit something. Something hits you!
You die...

#...#.########
#.....#
....#.........
#.....##
_.###.#######.
#.>....#
....#....#
#......#
#.†.#....#
###.##.##
#...#....#
###..##..#
####'...##
#...####.#
#......# #.###
#.# ####.#.#
#@# #.# ##.#.#
#{# #.# #..#.#
#.# #.# #.##.#
... #.##
#.#### #.#
#..## # #>#
#.# ##..# #
#.# #.. ##># #
#.. #.. #.#
####.# #.#


There were no monsters in sight!

Vanquished Creatures
  An orc wizard (D:2)
  An adder (D:2)
  3 dart slugs
  6 leopard geckos
  A giant cockroach (D:2)
  8 goblins
  2 hobgoblins
  2 jackals (D:1)
  6 kobolds
  A quokka (D:2)
  A ball python (D:2)
  2 bats
  3 frilled lizards
  A leopard gecko skeleton (D:2)
  4 rats
42 creatures vanquished.

Notes
Turn   | Place    | Note
-------+----------+-------------------------------------------
     0 | D:1      | Borgoz the Ghoul Gladiator began the quest for the Orb.
     0 | D:1      | Reached XP level 1. HP: 17/17 MP: 0/0
   289 | D:1      | Reached XP level 2. HP: 23/25 MP: 1/1
   695 | D:1      | Reached XP level 3. HP: 30/30 MP: 2/2
   719 | D:1      | Reached skill level 1 in Armour
  1240 | D:2      | Found a sacrificial altar of Ru.
  1257 | D:2      | Reached XP level 4. HP: 27/38 MP: 3/3
  1791 | D:2      | Noticed Sigmund
  1797 | D:2      | Slain by Sigmund

Illustrated notes

Levels and vault maps discovered:
D:1:      nzn_arrival_depleted_hourglass, layout_basic, minmay_pentomino_v4
D:2:      layout_rooms, xom_butterflies, nicolae_ru_great_annihilating_truth,
          dk_vineyard_1, kennysheep_cluttered_room, uniq_sigmund

Skill      XL: |  1  2  3 |
---------------+----------+-----
Dodging        | 3 |  3.3
Long Blades    | 3 |  3.3
Armour         | 1 |  1.6
Fighting       | 3 |  3.2
Throwing       | |  1.7

Action                   |  1- 3 |  4- 6 || total
-------------------------+-------+-------++-------
Melee: Long sword        |    92 |    41 ||   133
 Stab: Paralysed         |       |     2 ||     2
Armor: Leather armour    |    32 |     9 ||    41
Dodge: Dodged            |    88 |    19 ||   107
       Rpst.: Long sword |    22 |     3 ||    25
